 Dungeon Crawl Stone Soup version 0.29-a0-878-g7b45a56547 (webtiles) character file.

Game seed: 295591440290782292

199 quixfox the Digger (level 5, -7/28 HPs)
             Began as a Gargoyle Earth Elementalist on July 20, 2022.
             Mangled by an ice beast (13 damage)
             ... on level 4 of the Dungeon.
             The game lasted 00:04:59 (2955 turns).

quixfox the Digger (Gargoyle Earth Elementalist)    Turns: 2955, Time: 00:05:00

Health: -7/28      AC: 11    Str: 12    XL:     5   Next: 77%
Magic:  3/10       EV: 11    Int: 17    God:
Gold:   173        SH:  0    Dex: 10    Spells: 5/11 levels left

rFire   . . .      SeeInvis +   o - +9 dagger "Modiej" {freeze, +Blink rCorr SInv Stlth-}
rCold   . . .      Faith    .   (no shield)
rNeg    + . .      Spirit   .   a - +0 robe
rPois   ∞          Reflect  .   k - +0 helmet
rElec   +          Harm     .   z - +2 cloak
rCorr   +          Rampage  .   v - +0 pair of gloves
Will    +....                   (no boots)
Stlth   +.........              (no amulet)
HPRegen 0.09/turn               q - ring of willpower
MPRegen 0.12/turn               w - ring of wizardry

@: no status effects
A: sickness immunity, AC +4, negative energy resistance 1, electricity
resistance, torment resistance 1, petrification resistance
a: Evoke Blink


You were on level 4 of the Dungeon.
You visited 1 branch of the dungeon, and saw 4 of its levels.

You collected 173 gold pieces.

Inventory:

Hand Weapons
 f - a +0 whip
 o - the +9 dagger "Modiej" (weapon) {freeze, +Blink rCorr SInv Stlth-}
   (You found it on level 2 of the Dungeon)

   It freezes those it strikes, dealing additional cold damage.
   It can also slow down cold-blooded creatures.
   SInv:      It lets you see invisible.
   +Blink:    It lets you blink.
   rCorr:     It protects you from acid and corrosion.
   Stlth:     It makes you less stealthy.
Armour
 a - a +0 robe (worn)
 k - a +0 helmet (worn)
 v - a +0 pair of gloves (worn)
 z - a +2 cloak (worn)
Magical Staves
 x - a staff of fire
Jewellery
 q - a ring of willpower (left hand)
 w - a ring of wizardry (right hand)
 y - a ring of positive energy
Scrolls
 b - a scroll of noise {unknown}
 c - a scroll of brand weapon {unknown}
 e - a scroll of summoning {unknown}
 g - 4 scrolls of teleportation {unknown}
 h - 6 scrolls of identify {unknown}
 i - a scroll of silence {unknown}
 j - 2 scrolls of magic mapping {unknown}
 p - 2 scrolls of fear {unknown}
 r - a scroll of torment {unknown}
 s - a scroll of poison {unknown}
 t - a scroll of immolation {unknown}
Potions
 d - 2 potions of curing {unknown}
 l - a potion of degeneration {unknown}
 m - a potion of brilliance {unknown}
 n - a potion of attraction {unknown}
 u - 2 potions of mutation {unknown}


   Skills:
 - Level 1.5 Dodging
 - Level 2.1 Stealth
 + Level 3.8 Spellcasting
 + Level 1.3 Conjurations
 - Level 0.7 Transmutations
 + Level 5.7 Earth Magic


You had 5 spell levels left.
You knew the following spells:

 Your Spells              Type           Power      Damage    Failure   Level
a - Sandblast             Erth           44%        2d11      1%          1
b - Passwall              Tmut/Erth      11%        N/A       2%          2
c - Stone Arrow           Conj/Erth      30%        3d8       4%          3

Your spell library contained the following spells:

 Spells                   Type           Power      Damage    Failure   Level
 Mephitic Cloud           Conj/Pois/Air  4%         N/A       16%         3
 Petrify                  Tmut/Erth      14%        N/A       16%         4
 Ignite Poison            Fire/Tmut/Pois 4%         N/A       17%         3
 Freezing Cloud           Conj/Ice/Air   2%         6-21      78%         5


Dungeon Overview and Level Annotations

Branches:
Dungeon (4/15)
 Temple: D:4-7

Altars:

Annotations:
D:3 3 runed translucent doors, IndoAryan's ghost, amateur MiFi


Innate Abilities, Weirdness & Mutations

You are immune to sickness and miasma.
Your stone body is resilient. (AC +4)
You are immune to poison.
You resist negative energy. (rN+)
You are resistant to electric shocks. (rElec)
You are resistant to unholy torment.
You are immune to petrification.


Message History

A hobgoblin comes into view.
You can't see any susceptible monsters within range! (Use Z to cast anyway.)
A quokka, a scorpion and an ice beast come into view.
Found a stone staircase leading down.
The blast of sand hits the goblin!
You kill the goblin!
The blast of sand misses the scorpion.
The blast of sand hits the quokka!!
You kill the quokka!
The scorpion barely misses you. The scorpion closely misses you.
The blast of sand hits the scorpion.
The scorpion is lightly wounded.
The scorpion barely misses you.
The scorpion stings you but does no damage.
The blast of sand misses the scorpion.
The scorpion closely misses you.
The scorpion stings you but does no damage. x2
The blast of sand hits the scorpion.
The scorpion is heavily wounded.
The scorpion barely misses you.
The scorpion stings you but does no damage.
The blast of sand hits the scorpion but does no damage.
The scorpion is heavily wounded.
The scorpion stings you. The scorpion closely misses you.
The blast of sand hits the scorpion.
The scorpion is severely wounded.
The scorpion barely misses you.
The scorpion stings you but does no damage.
The scorpion stings you.
The blast of sand hits the scorpion!
You kill the scorpion!
The ice beast hits you. The ice beast freezes you!
* * * LOW HITPOINT WARNING * * *
Your Conjurations skill increases to level 1!
Okay, then.
The ice beast attacks as you move away!
The ice beast hits you but does no damage.
The ice beast attacks as you move away! The ice beast hits you.
* * * LOW HITPOINT WARNING * * *
The ice beast freezes you!
You die...

#..>...###############.....
#......#...................
#........#############.....
#......##### ######.....
#..........### #..........
#.<....##....###...........
#......##..........PPPPPPP.
#########....###....PPPPPP.
#.@..# ##...P...... #.Y..#
#..PP...... #.g..##
..)PP..#### #######.....#
...PP.. ##..>..#.....#
..PP.. ....)...####.†...
.........# ##... .....?$(.#
##. ..........


You could see an ice beast and a hobgoblin.

Vanquished Creatures
  A scorpion (D:4)
  An orc priest (D:3)
  5 adders
  3 orcs (D:3)
  8 ball pythons
  9 endoplasms
  6 goblins
  3 hobgoblins
  8 jackals
  A quokka (D:4)
  2 bats (D:1)
  5 frilled lizards
  4 kobolds
  7 rats
63 creatures vanquished.

Vanquished Creatures (others)
  3 fungi (D:4)
3 creatures vanquished.

Grand Total: 66 creatures vanquished

Notes
Turn   | Place    | Note
-------+----------+-------------------------------------------
     0 | D:1      | quixfox the Gargoyle Earth Elementalist began the quest for
                  | the Orb.
     0 | D:1      | Reached XP level 1. HP: 10/10 MP: 3/3
   265 | D:1      | Reached XP level 2. HP: 15/15 MP: 3/5
   292 | D:1      | Reached skill level 4 in Earth Magic
   710 | D:1      | Reached XP level 3. HP: 19/19 MP: 3/6
   832 | D:2      | Noticed a floating eye
   833 | D:2      | Noticed a great orb of eyes
   836 | D:2      | Found a faded altar of an unknown god.
   838 | D:2      | Noticed an eye of devastation
   959 | D:2      | Noticed a shining eye
  1263 | D:2      | Identified the +9 dagger "Modiej" {freeze, +Blink rCorr
                  | SInv Stlth-}
  1399 | D:2      | Reached XP level 4. HP: 24/24 MP: 6/8
  1810 | D:3      | Found a runed translucent gate.
  1810 | D:3      | Found a runed translucent gate.
  1812 | D:3      | Found a runed translucent gate.
  1813 | D:3      | Noticed IndoAryan's ghost (amateur MiFi)
  1996 | D:3      | Reached skill level 5 in Earth Magic
  2417 | D:3      | Reached XP level 5. HP: 28/28 MP: 7/10
  2420 | D:3      | Learned a level 2 spell: Passwall
  2424 | D:3      | Learned a level 3 spell: Stone Arrow
  2940 | D:4      | Noticed an ice beast
  2951 | D:4      | Reached skill level 1 in Conjurations
  2955 | D:4      | Mangled by an ice beast

Illustrated notes

Levels and vault maps discovered:
D:1:      zelgadis_glass_arrival_small, layout_rooms, st_stairs_4
D:2:      layout_loops_ring, hellmonk_ecumenical_altar_watching_god, hex_large
D:3:      layout_basic, gammafunk_ghost_split
D:4:      layout_rooms, mainiacjoe_overflow_chevrons,
          mainiacjoe_overflow_boulevard

Skill      XL: |  1  2  3  4  5 |
---------------+----------------+-----
Earth Magic    | 4 5 |  5.7
Spellcasting   | 3 |  3.8
Conjurations   | 1 |  1.3
Dodging        | |  1.5
Stealth        | |  2.1
Transmutations | |  0.7

Action                   |  1- 3 |  4- 6 || total
-------------------------+-------+-------++-------
 Cast: Sandblast         |    49 |    47 ||    96
  Use: Potion            |     1 |       ||     1
Armor: Robe              |     7 |    10 ||    17
Dodge: Dodged            |     9 |    16 ||    25

Table legend: (Time is in decaauts)
 A = Elapsed time spent in this place.
 B = Non-inter-level travel time spent in this place.
 C = Inter-level travel time spent in this place.
 D = Time resting spent in this place.
 E = Time spent auto-exploring this place.
 F = Levels seen in this place.
 G = Mean time per level.
                   A        B        C        D        E       F      G
               +--------+--------+--------+--------+--------+-----+--------+
         Total |   3048 |   3002 |     46 |    156 |   2403 |   4 |  762.0 |
       Dungeon |   3048 |   3002 |     46 |    156 |   2403 |   4 |  762.0 |
               +--------+--------+--------+--------+--------+-----+--------+

Top non-repeatable levels by time:
     D:3: 1164 daAuts
     D:2: 863 daAuts
     D:1: 847 daAuts
     D:4: 172 daAuts
